 Dungeon Crawl Stone Soup version 0.30-a0-242-g7bf8e6d787 (webtiles) character file.

Game seed: 16543017809071628230

604 ImHallYall the Slasher (level 7, -1/50 (53) HPs)
             Began as a Demonspawn Fighter on Oct 11, 2022.
             Was a Priest of Dithmenos.
             Slain by an iguana (4 damage)
             ... on level 4 of the Dungeon.
             The game lasted 00:23:00 (4869 turns).

ImHallYall the Slasher (Demonspawn Fighter)         Turns: 4869, Time: 00:23:01

HP:   -1/50 (53)    AC: 15    Str: 22    XL:     7   Next: 18%
MP:   0/16          EV:  6    Int:  8    God:    Dithmenos [***...]
Gold: 307           SH:  9    Dex: 12    Spells: 6/6 levels left

rFire   . . .      SeeInvis .    a - +1 long sword
rCold   . . .      Faith    .    c - +0 buckler
rNeg    . . .      Spirit   +    f - +0 plate armour
rPois   .          Reflect  .    (no helmet)
rElec   .          Harm     .    (no cloak)
rCorr   .          Rampage  .    (no gloves)
Will    .....                    (no boots)
Stlth   ..........               l - amulet of guardian spirit
HPRegen 0.28/turn                y - ring of magical power
MPRegen 0.15/turn                (no ring)

@: wreathed by umbra, drained
A: yellow scales 2, demonic magic 1, weakness stinger 2, talons 1, large bone
plates 1, strong 1, subdued magic 1, noise suppression
a: Renounce Religion, Shadow Step


You were on level 4 of the Dungeon.
You worshipped Dithmenos.
Dithmenos was most pleased with you.
You visited 1 branch of the dungeon, and saw 5 of its levels.

You collected 307 gold pieces.

Inventory:

Hand Weapons
 a - a +1 long sword (weapon)
 o - a +2 dagger of speed
 p - a +1 whip of electrocution
 s - a +2 vorpal hand axe
 x - a +0 short sword
 B - a +0 short sword of draining
 C - a +0 whip
Missiles
 w - 14 poisoned darts (quivered)
 A - a throwing net
Armour
 b - a +0 scale mail
 c - a +0 buckler (worn)
 f - a +0 plate armour (worn)
Jewellery
 l - an amulet of guardian spirit (around neck)
 u - an amulet of reflection
 y - a ring of magical power (left hand)
Scrolls
 h - a scroll of amnesia
 k - a scroll of poison
 r - 2 scrolls of identify
Potions
 d - a potion of mutation
 e - a potion of heal wounds {unknown}
 g - a potion of invisibility {unknown}
 i - 3 potions of curing {unknown}
 j - a potion of flight {unknown}
 n - a potion of brilliance {unknown}
 q - a potion of cancellation {unknown}
 v - a potion of resistance {unknown}
 z - 2 potions of haste {unknown}


   Skills:
 + Level 3.9 Fighting
 + Level 4.6 Long Blades
 + Level 0.4 Axes
 + Level 4.5 Armour
 + Level 1.4 Dodging
 + Level 0.1 Stealth
 + Level 3.9 Shields


You had 6 spell levels left.
You didn't know any spells.
Your spell library contained the following spells:

 Spells                   Type           Power      Damage    Failure   Level
 Shock                    Conj/Air       0%         1d3       100%        1
 Summon Small Mammal      Summ           0%         N/A       100%        1
 Sublimation of Blood     Necr           0%         N/A       100%        2
 Wereblood                Tmut           0%         N/A       100%        2
 Call Canine Familiar     Summ           0%         N/A       100%        3
 Inner Flame              Hex/Fire       0%         N/A       100%        3
 Summon Guardian Golem    Hex/Summ       0%         N/A       100%        3
 Swiftness                Air            0%         N/A       100%        3
 Airstrike                Air            0%         2d(0-16)  100%        4
 Cause Fear               Hex            0%         N/A       100%        4
 Summon Hydra             Summ           0%         N/A       100%        7
 Discord                  Hex            0%         N/A       100%        8


Dungeon Overview and Level Annotations

Branches:
Dungeon (5/15)
 Temple: D:4-7

Altars:
Dithmenos
Makhleb

Shops:
D:3 [   D:5 ?


Innate Abilities, Weirdness & Mutations

You are mostly covered in yellow scales. (AC +3)
Spells you cast may paralyse adjacent enemies.
You have a tail ending in a sharp stinger.
You have sharp toenails.
You are partially covered in large bone plates. (SH +4)
Your muscles are strong. (Str +4, Int/Dex -1)
Your spells are a little easier to cast, but a little less powerful.
You passively dampen the noise of your surroundings.


Message History

You become entangled in the net!
There is an entrance to Gilliavi's Magic Scroll Shoppe here.
You see here a throwing net.
You struggle against the net.
The adder bites you but does no damage. The orc hits you with a +0 club.
The iguana bites you!
* * * LOW HITPOINT WARNING * * *
You tear a large gash into the net.
The adder bites you but does no damage.
The iguana bites you but does no damage.
The orc hits you but does no damage. The adder bites you.
You are poisoned.
The adder poisons you!
You shred the net and break free!
You feel sick.
The gnoll throws a throwing net.
You block the throwing net. You block the iguana's attack.
The orc closely misses you. The adder barely misses you.
The adder attacks as you move away! You block the adder's attack.
You feel sick.
There is a fountain of clear blue water here.
You feel sick. You block the adder's attack. The orc attacks as you move away!
The orc hits you but does no damage. The adder attacks as you move away!
The adder barely misses you.
You feel sick. The orc attacks as you move away! You block the orc's attack.
You feel sick.
You are no longer poisoned.
The iguana bites you!
* * * LOW HITPOINT WARNING * * *
There is a stone staircase leading up, spattered with blood here.
You can't go down here!
The adder bites you but does no damage. You block the gnoll's attack.
You block the iguana's attack.
You climb upwards.
There is a stone staircase leading down here.
The adder closely misses you. The adder bites you.
* * * LOW HITPOINT WARNING * * *
The iguana attacks as you move away!
The iguana bites you but does no damage.
The adder bites you but does no damage. The iguana attacks as you move away!
You block the iguana's attack. The adder attacks as you move away!
The adder bites you but does no damage. x2
The iguana attacks as you move away! The iguana bites you!
You die...

#................#.#####.........
#.########.#.###.#.#.....#.......
#.# #.#...#.#.#.###.#....... #.#
#.#.#.......# #.#....... #.#
#.#....>....# #.#....... #.#
#.###.......###.#....... #.#
#.###.........#.#....... #.#
#####.....lS...##.#......... #.#
#..........@...##.########## #.#
#..............##)#......... #.#
#..............##.#######... #.#
#..............##.# #... #.#
#..............##.# #... #.#
#..............##.# #...
#'####..........######.#######...
................# #.#...>.....
.......>........# #.#.....#...


You could see an iguana and an adder.

Vanquished Creatures
  2 kobold brigands (D:4)
  An orc priest (D:3)
  A jelly (D:4)
  An iguana (D:5)
  An orc wizard (D:3)
  An adder (D:2)
  11 gnolls (D:4)
  3 dart slugs
  5 orcs
  5 endoplasms
  A giant cockroach (D:4)
  A goblin (D:2)
  8 hobgoblins
  4 quokkas
  6 ball pythons
  4 bats
  A frilled lizard (D:2)
  33 kobolds
  4 rats
93 creatures vanquished.

Vanquished Creatures (collateral kills)
  2 kobold brigands (D:4)
  A gnoll (D:4)
  An orc (D:4)
4 creatures vanquished.

Grand Total: 97 creatures vanquished

Notes
Turn   | Place    | Note
-------+----------+-------------------------------------------
     0 | D:1      | ImHallYall the Demonspawn Fighter began the quest for the
                  | Orb.
     0 | D:1      | Reached XP level 1. HP: 18/18 MP: 1/1
   394 | D:1      | Gained mutation: Spells you cast may paralyse adjacent
                  | enemies. [demonic ancestry]
   394 | D:1      | Reached XP level 2. HP: 24/24 MP: 2/2
  1258 | D:2      | Gained mutation: You are partially covered in yellow
                  | scales. (AC +2) [demonic ancestry]
  1258 | D:2      | Reached XP level 3. HP: 28/29 MP: 3/3
  1374 | D:2      | Found a faded altar of an unknown god.
  1392 | D:2      | Prayed at the altar of an unknown god.
  1392 | D:2      | Became a worshipper of Dithmenos the Shadowed
  1392 | D:2      | Reached * piety under Dithmenos
  1491 | D:2      | Found a burning altar of Makhleb.
  1823 | D:3      | Found Susoh's Armour Shoppe.
  1836 | D:3      | HP: 1/29 [orc priest/+0 dagger (1)]
  1844 | D:3      | Reached skill level 1 in Dodging
  1844 | D:3      | Gained mutation: You are mostly covered in yellow scales.
                  | (AC +3) [demonic ancestry]
  1844 | D:3      | Reached XP level 4. HP: 35/35 MP: 4/4
  1922 | D:3      | Gained mutation: Your muscles are strong. (Str +4, Int/Dex
                  | -1) [potion of mutation]
  1922 | D:3      | Gained mutation: Your spells are a little easier to cast,
                  | but a little less powerful. [potion of mutation]
  1922 | D:3      | Gained mutation: Your muscles are very strong. (Str +8,
                  | Int/Dex -2) [potion of mutation]
  1922 | D:3      | Gained mutation: You have a pair of small antennae on your
                  | head. [potion of mutation]
  2783 | D:4      | Noticed a kobold brigand
  2783 | D:4      | Noticed a kobold brigand
  2789 | D:4      | Killed a kobold brigand
  2790 | D:4      | Reached XP level 5. HP: 27/41 MP: 2/5
  3000 | D:4      | Gained mutation: You have a small tail. [demonic ancestry]
  3000 | D:4      | Reached XP level 6. HP: 47/47 MP: 6/6
  3317 | D:4      | Reached ** piety under Dithmenos
  3658 | D:4      | Lost mutation: You have a pair of small antennae on your
                  | head. [potion of mutation]
  3658 | D:4      | Lost mutation: Your muscles are very strong. (Str +8,
                  | Int/Dex -2) [potion of mutation]
  3658 | D:4      | Gained mutation: You are partially covered in large bone
                  | plates. (SH +4) [potion of mutation]
  3658 | D:4      | Gained mutation: You passively dampen the noise of your
                  | surroundings. [potion of mutation]
  3658 | D:4      | Gained mutation: You have sharp toenails. [potion of
                  | mutation]
  4288 | D:4      | Reached *** piety under Dithmenos
  4479 | D:4      | Gained mutation: You have a tail ending in a sharp stinger.
                  | [demonic ancestry]
  4479 | D:4      | Reached XP level 7. HP: 26/49 MP: 7/7
  4765 | D:5      | Entered Level 5 of the Dungeon
  4848 | D:5      | Found Gilliavi's Magic Scroll Shoppe.
  4862 | D:5      | HP: 2/50 [iguana (4)]
  4869 | D:4      | Slain by an iguana

Illustrated notes

Levels and vault maps discovered:
D:1:      wander_arrival_chamber, layout_loops_cross, minmay_misc_feat_columns
D:2:      layout_loops_cross, basic_altar, ebering_ecumenical_altar_box
D:3:      layout_basic, serial_curves, eino_curves_02, eino_curves_03,
          serial_shops, shop
D:4:      minmay_goblin_kobold_castle, layout_basic
D:5:      layout_cave_pools, serial_gnoll_camp, gnoll_camp_huts_moat,
          gnoll_camp_mini_basic, gnoll_camp_medium_02, grums_kennel,
          serial_shops, nicolae_take_the_stairs, nicolae_shop_hallway_stairs,
          shop, shop_fountains, nicolae_square_shop

Skill      XL: |  1  2  3  4  5  6 |
---------------+-------------------+-----
Long Blades    | 2 3 4 |  4.6
Armour         | 3 4 |  4.5
Dodging        | 1 |  1.4
Shields        | 3 |  3.9
Fighting       | |  3.9
Axes           | |  0.4
Stealth        | |  0.1

Action                   |  1- 3 |  4- 6 |  7- 9 || total
-------------------------+-------+-------+-------++-------
Melee: Long sword        |   101 |   190 |    12 ||   303
       Kick              |       |    21 |     4 ||    25
       Hand axe          |       |    19 |       ||    19
       Tailslap          |       |    12 |     2 ||    14
  Use: Scroll            |     6 |     5 |     3 ||    14
       Potion            |     4 |     2 |       ||     6
Armor: Plate armour      |    94 |   256 |    34 ||   384
Dodge: Dodged            |    28 |   135 |    15 ||   178
Block: Buckler           |    18 |   139 |    33 ||   190

Table legend: (Time is in decaauts)
 A = Elapsed time spent in this place.
 B = Non-inter-level travel time spent in this place.
 C = Inter-level travel time spent in this place.
 D = Time resting spent in this place.
 E = Time spent auto-exploring this place.
 F = Levels seen in this place.
 G = Mean time per level.
                   A        B        C        D        E       F      G
               +--------+--------+--------+--------+--------+-----+--------+
         Total |   4967 |   4914 |     53 |    803 |   2521 |   5 |  993.4 |
       Dungeon |   4967 |   4914 |     53 |    803 |   2521 |   5 |  993.4 |
               +--------+--------+--------+--------+--------+-----+--------+

Top non-repeatable levels by time:
     D:4: 2178 daAuts
     D:3: 952 daAuts
     D:1: 886 daAuts
     D:2: 849 daAuts
     D:5: 101 daAuts
